 Dungeon Sprint DCSS version 0.23.2-1-ga50397a6bc (webtiles) character file.

Game seed: 4378929601066674604

2511 Kobolds4U the Imperceptible (level 9, -9/41 HPs)
             Began as a Spriggan Assassin on May 22, 2019.
             Was a Priest of Okawaru.
             Mangled by a hornet (14 damage)
             ... while paralysed by a hornet
             ... in the Dungeon (Sprint I: "Red Sonja").
             The game lasted 00:02:21 (170 turns).

Kobolds4U the Imperceptible (Spriggan Assassin)      Turns: 170, Time: 00:02:21

Health: -9/41      AC:  3    Str:  7    XL:     9   Next: 28%
Magic:  8/10       EV:  4    Int: 13    God:    Okawaru [***...]
Gold:   166        SH:  0    Dex: 20    Spells: 5/8 levels left

rFire    + . .     SeeInvis +   a - +2 dagger
rCold    . . .     Gourm    .   (shield restricted)
rNeg     . . .     Faith    .   c - +0 robe
rPois    .         Spirit   .   (helmet restricted)
rElec    .         Reflect  .   d - +0 cloak
rCorr    .         Harm     .   (gloves unavailable)
MR       +....     NoTele   +   (boots unavailable)
Stlth    +++++++++.             (no amulet)
HPRegen  0.13/turn              o - ring of protection from fire
MPRegen  0.12/turn              (no ring)

@: paralysed, lethally poisoned (-9 -> -20), heroism, very slightly
contaminated, very quick
A: very small, unfitting armour, see invisible, herbivore, speed 3, slow
metabolism 2
a: Heroism, Renounce Religion


You were in the Dungeon.
You worshipped Okawaru.
Okawaru was most pleased with you.
You were not hungry.

You visited 1 branch You collected 413 gold pieces.
You spent 247 gold pieces at shops.

Inventory:

Hand Weapons
 a - a +2 dagger (weapon)
 b - a +0 blowgun
 m - a +0 shortbow
 p - a +3 dagger of freezing
Missiles
 e - 8 poisoned needles
 f - 2 curare-tipped needles
 q - 42 arrows
Armour
 c - a +0 robe (worn)
 d - a +0 cloak (worn)
Jewellery
 o - a ring of protection from fire (left hand)
Wands
 n - a wand of flame (13)
Potions
 h - a potion of curing
 i - a potion of heal wounds
 j - a potion of haste
 k - 2 potions of magic
 l - a potion of berserk rage
 r - a potion of lignification {unknown}
Comestibles
 g - a ration


   Skills:
 - Level 1.5(6.5) Fighting
 - Level 2.1(7.1) Short Blades
 - Level 2.0(7.0) Throwing
 + Level 14.2(19.2) Dodging
 + Level 25.1(27) Stealth


You had 5 spell levels left.
You knew the following spells:

 Your Spells              Type           Power        Failure   Level  Hunger
a - Mephitic Cloud        Conj/Pois/Air  #.......     67%         3    ####...

Your spell library contained the following spells:

 Spells                   Type           Power        Failure   Level  Hunger
 Sting                    Conj/Pois      #...         30%         1    ##.....
 Poisonous Vapours        Pois/Air       #.....       43%         2    ###....
 Olgreb's Toxic Radiance  Pois           #.......     97%         4    #####..
 Venom Bolt               Conj/Pois      #.........   100%        5    ######.


Dungeon Overview and Level Annotations

Branches:
Dungeon (1/1)

Altars:
Cheibriados
Dithmenos
Elyvilon
Fedhas
Gozag
Hepliaklqana
Kikubaaqudgha
Makhleb
Nemelex Xobeh
Okawaru
Qazlal
Ru
Sif Muna
Trog
Uskayaw
Vehumet
Wu Jian
Xom
Yredelemnul
Zin
The Shining One
Jiyva
Lugonu

Shops:
D (


Innate Abilities, Weirdness & Mutations

You are very small and have problems with some larger weapons.
You are too small for most types of armour.
You have supernaturally acute eyesight. (SInv)
You are a herbivore.
You cover ground extremely quickly.
You need to consume almost no food.


Message History

The hornet closely misses you. The hornet misses you.
You gain the combat prowess of a mighty hero.
The hornet barely misses you.
You hit the hornet but do no damage.
The hornet is lightly wounded.
The hornet misses you.
You barely miss the hornet.
The hornet is lightly wounded.
The hornet closely misses you.
You barely miss the hornet.
The hornet is lightly wounded.
The hornet closely misses you.
You miss the hornet.
The hornet is lightly wounded.
The hornet stings you!
You suddenly lose the ability to move!
The hornet stings you!
* * * LOW HITPOINT WARNING * * *
You are lethally poisoned!
You shrug off the repeated paralysis!
The hornet stings you!
You die...

######################
.)'..#.)'..#__#..'..)#
..#.)'..#..'..'..#...#
####'#####'#__####)..+
###..#...#.####§§#####
__####..##§#§≈§§§#§§#
_____##'#_.§§§§§@y§§#
_.∩...'..._#§≈§§§#§§#
_..__##_.#'##+#### +#
_____###+#.# ######
###


You could see a hornet.

Vanquished Creatures
  2 centaur warriors (D)
  2 kobold demonologists (D)
  A slime creature (D)
  Sigmund (D)
  A yak (D)
  A floating eye (D)
  An ogre (D)
  A jelly (D)
  Ijyb (D)
11 creatures vanquished.

Notes
Turn   | Place    | Note
-------+----------+-------------------------------------------
     0 | D        | Kobolds4U the Spriggan Assassin began the quest for the
                  | Orb.
     0 | D        | Reached XP level 1. HP: 10/10 MP: 2/2
     1 | D        | Noticed Ijyb
     4 | D        | Killed Ijyb
     4 | D        | Reached skill level 10 in Stealth
     4 | D        | Reached XP level 2. HP: 14/14 MP: 3/3
     7 | D        | Noticed an ogre
    10 | D        | Killed an ogre
    10 | D        | Reached skill level 14 in Stealth
    10 | D        | Reached XP level 3. HP: 18/18 MP: 4/4
    10 | D        | Reached XP level 4. HP: 22/22 MP: 5/5
    20 | D        | Noticed Sigmund
    23 | D        | Killed Sigmund
    23 | D        | Reached skill level 18 in Stealth
    23 | D        | Reached XP level 5. HP: 25/25 MP: 6/6
    35 | D        | Found an ornate altar of the Wu Jian Council.
    35 | D        | Found a deep blue altar of Sif Muna.
    37 | D        | Found a radiant altar of Vehumet.
    41 | D        | Reached XP level 6. HP: 30/30 MP: 7/7
    58 | D        | Learned a level 3 spell: Mephitic Cloud
    76 | D        | Found Xab Mim's Weapon Emporium.
    76 | D        | Found an ancient bone altar of Kikubaaqudgha.
    76 | D        | Found a hazy altar of Hepliaklqana.
    76 | D        | Found a stormy altar of Qazlal.
    76 | D        | Found a hide-covered altar of Uskayaw.
    76 | D        | Found a blossoming altar of Fedhas.
    76 | D        | Found a bloodstained altar of Trog.
    76 | D        | Found an iron altar of Okawaru.
    76 | D        | Found a basalt altar of Yredelemnul.
    76 | D        | Found a glowing golden altar of the Shining One.
    76 | D        | Found a snail-covered altar of Cheibriados.
    76 | D        | Found a sacrificial altar of Ru.
    76 | D        | Found a glowing silver altar of Zin.
    76 | D        | Found a shadowy altar of Dithmenos.
    76 | D        | Found a white marble altar of Elyvilon.
    76 | D        | Noticed a yak
    77 | D        | Found an opulent altar of Gozag.
    78 | D        | Killed a yak
    78 | D        | Reached skill level 20 in Stealth
    79 | D        | Found a sparkling altar of Nemelex Xobeh.
    83 | D        | Bought a +3 dagger of freezing for 247 gold pieces
    84 | D        | Became a worshipper of Warmaster Okawaru
    96 | D        | Found a viscous altar of Jiyva.
    96 | D        | Found a corrupted altar of Lugonu.
    96 | D        | Noticed a slime creature
    97 | D        | Found a burning altar of Makhleb.
    97 | D        | Found a shimmering altar of Xom.
    99 | D        | Killed a slime creature
    99 | D        | Reached skill level 21 in Stealth
    99 | D        | Reached XP level 7. HP: 33/33 MP: 8/8
   111 | D        | Noticed a kobold demonologist
   112 | D        | Noticed a kobold demonologist
   114 | D        | Reached * piety under Okawaru
   114 | D        | Reached skill level 22 in Stealth
   116 | D        | Killed a kobold demonologist
   118 | D        | Killed a kobold demonologist
   118 | D        | Reached skill level 23 in Stealth
   118 | D        | Reached XP level 8. HP: 37/37 MP: 9/9
   144 | D        | Noticed a centaur warrior
   144 | D        | Noticed a centaur warrior
   145 | D        | Killed a centaur warrior
   145 | D        | Reached ** piety under Okawaru
   145 | D        | Reached skill level 24 in Stealth
   146 | D        | Killed a centaur warrior
   146 | D        | Reached *** piety under Okawaru
   146 | D        | Reached skill level 25 in Stealth
   146 | D        | Reached XP level 9. HP: 41/41 MP: 10/10
   163 | D        | Paralysed by a hornet for 1 turns
   169 | D        | Paralysed by a hornet for 1 turns
   170 | D        | Mangled by a hornet

Skill      XL: |  1  2  3  4  5  6  7  8 |
---------------+-------------------------+-----
Stealth        | 10 14 18 21 23 25 | 25.1
Dodging        | 9 14 | 14.2
Fighting       | |  1.5
Short Blades   | |  2.1
Throwing       | |  2.0

Action                   |  1- 3 |  4- 6 |  7- 9 || total
-------------------------+-------+-------+-------++-------
Melee: Dagger            |     2 |     4 |    14 ||    20
Invok: Heroism           |       |       |     1 ||     1
  Use: Scroll            |       |       |     1 ||     1
 Stab: Sleeping          |     2 |     4 |     5 ||    11
Armor: Robe              |       |       |     1 ||     1
Dodge: Dodged            |       |       |    10 ||    10
